 Dungeon Crawl Stone Soup version 0.22-a0-433-gd2a9cce (webtiles) character file.

13316 galech the Fighter (level 12, -2/132 HPs)
             Began as an Ogre Berserker on May 28, 2018.
             Was an Elder of Trog.
             Shot with an arrow by Nessos (21 damage)
             ... on level 1 of the Orcish Mines.
             The game lasted 00:23:56 (17129 turns).

galech the Fighter (Ogre Berserker)                Turns: 17129, Time: 00:23:56

Health: -2/132     AC:  6    Str: 31    XL:     12   Next: 4%
Magic:  21/21      EV: 12    Int:  8    God:    Trog [****..]
Gold:   1177       SH:  0    Dex:  8    Spells: 11/11 levels left

rFire    + . .     SeeInvis .   x - +5 long sword of Grandeur {protect, rF+ rN+}
rCold    . . .     Gourm    .   (no shield)
rNeg     + . .     Faith    .   F - +0 troll leather armour
rPois    .         Spirit   .   (helmet restricted)
rElec    .         Reflect  .   y - +0 cloak
rCorr    .         Harm     .   (gloves unavailable)
MR       +++..                  (boots unavailable)
Stlth    ++........             w - amulet of magic regeneration
HPRegen  1.72/turn              B - +3 ring of strength
MPRegen  0.42/turn              C - ring of magical power

@: berserk cooldown, regenerating, slowed, very slow
A: large, unfitting armour, tough skin 1
a: Berserk, Trog's Hand, Brothers in Arms, Renounce Religion


You were on level 1 of the Orcish Mines.
You worshipped Trog.
Trog was greatly pleased with you.
You were near starving.

You visited 2 branches of the dungeon, and saw 13 of its levels.

You collected 1358 gold pieces.
You spent 181 gold pieces at shops.

Inventory:

Hand Weapons
 a - a +0 mace
 x - the +5 long sword of Grandeur (weapon) {protect, rF+ rN+}
   (You found it on level 8 of the Dungeon)

   It protects the one who uses it against injury (+AC on strike).
   It protects you from fire.
   It protects you from negative energy.
Armour
 t - a +1 robe of magic resistance
 y - a +0 cloak (worn)
 F - a +0 troll leather armour (worn)
Jewellery
 p - an uncursed amulet of rage
 w - an amulet of magic regeneration (around neck)
 B - a +3 ring of strength (left hand)
 C - a ring of magical power (right hand)
Wands
 H - a wand of random effects (22)
Scrolls
 i - a scroll of noise
 j - 8 scrolls of remove curse
 k - 2 scrolls of enchant armour
 o - 4 scrolls of teleportation
 r - 3 scrolls of fear
 s - 2 scrolls of amnesia
 u - 2 scrolls of fog {unknown}
 v - a scroll of enchant weapon {unknown}
 D - 2 scrolls of magic mapping
 E - 2 scrolls of summoning {unknown}
 G - a scroll of acquirement {unknown}
Potions
 b - a potion of flight {unknown}
 d - 3 potions of ambrosia
 e - a potion of magic {unknown}
 f - a potion of might {unknown}
 g - 3 potions of resistance
 l - a potion of haste
 m - 5 potions of curing
 q - 3 potions of degeneration {unknown}
 z - 2 potions of lignification {unknown}
 A - a potion of invisibility {unknown}
 I - a potion of brilliance {unknown}
Comestibles
 c - 14 rations
 n - 3 chunks of flesh


   Skills:
 + Level 12.1 Fighting
 + Level 8.9 Long Blades
 + Level 9.0 Maces & Flails
 + Level 3.4 Armour
 + Level 7.7 Dodging
 + Level 3.7 Stealth


You had 11 spell levels left.
You didn't know any spells.
Your spell library was empty.

Dungeon Overview and Level Annotations

Branches:
Dungeon (11/15)            Temple (0/1) D:4            Lair (0/6) D:8
    Orc (2/2) D:11            Elf (0/3) Orc:2

Altars:
Dithmenos
Fedhas
Okawaru
Qazlal
Vehumet
Xom
Zin
Beogh

Shops:
D:6 :   D:7 (   D:8 *   D:9 *   D:10 %

Annotations:
Orc:1 Nessos


Innate Abilities, Weirdness & Mutations

You are too large for most types of armour.
You have tough skin. (AC +1)


Message History

Nessos blinks!
Nessos shoots an arrow.
The arrow hits you but does no damage.
Nessos shoots an arrow.
The arrow barely misses you.
You see here an arrow.
You see here 4 arrows.
You feel much better.
Nessos shoots an arrow.
The arrow hits you!! The arrow burns you.
You are poisoned.
You feel very sick.
Nessos blinks!
Nessos shoots an arrow.
The arrow hits you!!
* * * LOW HITPOINT WARNING * * *
The arrow burns you.
You are more poisoned.
* * * LOW HITPOINT WARNING * * *
You see here an arrow.
You feel better.
Nessos shoots an arrow.
The arrow hits you!
* * * LOW HITPOINT WARNING * * *
The arrow burns you.
* * * LOW HITPOINT WARNING * * *
Nessos shoots an arrow.
The arrow hits you!!
You die...

#...#......................
##...........#.............
#.........................
##.#..#...................
#...........#...........#.
##.#.....(....(...........
###.....(..(..............
##........((..##......#....
#.....#..#@(>[.........##.>
##..........[[.............
#........c................
##..........<.............
##.....#..................
##................#........
##................###.......
##.#................###......
#.........#.#......###.#.....


You could see Nessos.

Vanquished Creatures
  A two-headed ogre (D:9)
  An orc high priest (Orc:2)
  3 orc knights (Orc:2)
  2 orc sorcerers (Orc:2)
  An ugly thing (D:11)
  A cyclops (Orc:2)
  The ghost of galech the Skirmisher, an amateur OgBe of Trog (D:4)
  2 trolls
  Grinder (D:4)
  A spriggan (D:8)
  A wyvern (D:10)
  5 yaks (D:11)
  A vampire (D:10)
  Eustachio (D:4)
  The ghost of rlgrobin the Slasher, an amateur FoCK of Xom (D:3)
  2 wargs
  2 porcupines (D:8)
  An ice beast (D:9)
  15 orc warriors
  3 sky beasts
  3 black bears
  10 ogres
  3 centaurs
  2 crocodiles
  A big kobold (D:8)
  A gnoll sergeant (D:11)
  6 bullfrogs
  6 scorpions
  7 killer bees
  9 wights
  2 howler monkeys
  6 electric eels (D:10)
  5 crimson imps
  2 centaur zombies
  4 hounds
  12 orc wizards
  7 orc priests
  A centaur skeleton (D:9)
  Natasha (thrice) (D:4)
  4 iguanas
  5 worker ants
  A hound zombie (D:7)
  A howler monkey zombie (D:10)
  A worker ant zombie (D:7)
  5 gnolls
  11 adders
  An ooze (D:4)
  An adder skeleton (D:6)
  6 worms
  2 dart slugs
  7 leopard geckos
  36 orcs
  2 bats
  7 giant cockroaches
  3 goblins
  6 hobgoblins
  17 jackals
  5 quokkas
  A ball python skeleton (D:5)
  7 frilled lizards
  9 kobolds
  A quokka zombie (D:5)
  10 rats
285 creatures vanquished.

Vanquished Creatures (others)
  27 fungi (D:8)
  10 plants (D:8)
37 creatures vanquished.

Grand Total: 322 creatures vanquished

Notes
Turn   | Place    | Note
-------+----------+-------------------------------------------
     0 | D:1      | galech the Ogre Berserker began the quest for the Orb.
     0 | D:1      | Reached XP level 1. HP: 24/24 MP: 1/1
   111 | D:1      | Reached XP level 2. HP: 32/32 MP: 2/2
   249 | D:1      | Reached XP level 3. HP: 12/40 MP: 3/3
   387 | D:1      | Reached ** piety under Trog
   876 | D:2      | Found an iron altar of Okawaru.
   895 | D:2      | Reached XP level 4. HP: 19/49 MP: 4/4
  1799 | D:3      | Noticed rlgrobin's ghost (amateur FoCK)
  1816 | D:3      | Killed rlgrobin's ghost
  1816 | D:3      | Reached skill level 5 in Fighting
  1816 | D:3      | Reached XP level 5. HP: 55/57 MP: 5/5
  1816 | D:3      | Reached XP level 6. HP: 64/66 MP: 6/6
  2645 | D:4      | Found a staircase to the Ecumenical Temple.
  2645 | D:4      | Noticed galech's ghost (amateur OgBe)
  2656 | D:4      | Killed galech's ghost
  2656 | D:4      | Reached skill level 6 in Fighting
  2656 | D:4      | Reached skill level 5 in Maces & Flails
  2656 | D:4      | Reached skill level 1 in Stealth
  2656 | D:4      | Reached XP level 7. HP: 75/75 MP: 7/7
  2673 | D:4      | Noticed Eustachio
  2888 | D:4      | Killed Eustachio
  3440 | D:4      | Reached XP level 8. HP: 80/84 MP: 8/8
  3796 | D:4      | Noticed Natasha
  3810 | D:4      | Killed Natasha
  4124 | D:4      | Noticed Grinder
  4146 | D:4      | Killed Grinder
  4146 | D:4      | Reached skill level 7 in Fighting
  4324 | D:4      | Noticed Natasha
  4335 | D:4      | Killed Natasha
  4674 | D:4      | Noticed Natasha
  4692 | D:4      | Killed Natasha
  4692 | D:4      | Reached skill level 5 in Dodging
  4847 | D:5      | Entered Level 5 of the Dungeon
  5051 | D:5      | Reached *** piety under Trog
  5388 | D:5      | HP: 1/88 [centaur (6)]
  5390 | D:5      | Reached skill level 8 in Fighting
  6038 | D:5      | Found a blossoming altar of Fedhas.
  6047 | D:5      | Reached XP level 9. HP: 81/96 MP: 9/9
  6636 | D:6      | Found Watoe's Book Shop.
  8918 | D:7      | Reached skill level 9 in Fighting
  9382 | D:7      | Found Otseurul's Antique Weapon Shop.
  9781 | D:8      | Got a transparent long sword
  9782 | D:8      | Identified the +5 long sword of Grandeur {protect, rF+ rN+} (You found it on level 8 of the Dungeon)
 10128 | D:8      | Found a staircase to the Lair.
 10150 | D:8      | Reached skill level 1 in Long Blades
 10156 | D:8      | Reached XP level 10. HP: 46/107 MP: 10/10
 10672 | D:8      | Reached **** piety under Trog
 10672 | D:8      | Reached skill level 10 in Fighting
 10806 | D:8      | You fall through a shaft for 3 floors!
 10806 | D:11     | Found a staircase to the Orcish Mines.
 10816 | D:10     | Entered Level 10 of the Dungeon
 11844 | D:8      | Found Kocit's General Store.
 11850 | D:8      | Bought a scroll of magic mapping for 45 gold pieces
 11850 | D:8      | Bought a scroll of magic mapping for 45 gold pieces
 11850 | D:8      | Bought a potion of heal wounds for 65 gold pieces
 11850 | D:8      | Bought a scroll of identify for 26 gold pieces
 12314 | D:9      | Found Xoxis's Assorted Antiques.
 12365 | D:9      | Noticed a two-headed ogre
 12375 | D:9      | Killed a two-headed ogre
 12375 | D:9      | Reached skill level 5 in Long Blades
 12703 | D:9      | Found a glowing silver altar of Zin.
 12704 | D:9      | Found a shimmering altar of Xom.
 12704 | D:9      | Found a stormy altar of Qazlal.
 12708 | D:9      | Found a shadowy altar of Dithmenos.
 13047 | D:10     | Found Laawy's Food Emporium.
 13067 | D:10     | Reached skill level 11 in Fighting
 13146 | D:10     | Reached skill level 1 in Armour
 13146 | D:10     | Reached XP level 11. HP: 120/120 MP: 11/11
 13173 | D:10     | Found a shimmering altar of Xom.
 13174 | D:10     | Found a shimmering altar of Xom.
 13198 | D:10     | Found a shimmering altar of Xom.
 13292 | D:10     | Received a gift from Trog
 13733 | Orc:1    | Entered Level 1 of the Orcish Mines
 13833 | Orc:1    | Found a roughly hewn altar of Beogh.
 14012 | Orc:2    | Entered Level 2 of the Orcish Mines
 14062 | Orc:2    | Noticed an orc high priest
 14075 | Orc:2    | Killed an orc high priest
 14078 | Orc:2    | Noticed an orc sorcerer
 14083 | Orc:2    | Noticed Nessos
 14094 | Orc:2    | Paralysed by an orc sorcerer for 3 turns
 14100 | Orc:1    | HP: 2/120 [warg[an orc warlord] (12)]
 14266 | Orc:2    | Killed an orc sorcerer
 14300 | Orc:2    | Noticed an orc knight
 14458 | Orc:2    | Killed an orc knight
 14912 | Orc:2    | Noticed an orc knight
 14939 | Orc:2    | Killed an orc knight
 15059 | Orc:2    | Noticed an orc warlord
 15369 | Orc:2    | Noticed a cyclops
 15420 | Orc:2    | Killed a cyclops
 15555 | Orc:2    | Found a radiant altar of Vehumet.
 15600 | Orc:2    | Noticed an orc knight
 15626 | Orc:2    | Killed an orc knight
 15778 | Orc:2    | Found a staircase to the Elven Halls.
 15894 | Orc:2    | Noticed an orc sorcerer
 15899 | Orc:2    | Killed an orc sorcerer
 15946 | Orc:2    | Noticed an orc sorcerer
 15946 | Orc:2    | Noticed an orc knight
 16726 | D:11     | Noticed a cyan ugly thing
 16745 | D:11     | Killed a cyan ugly thing
 16745 | D:11     | Reached skill level 12 in Fighting
 16820 | D:11     | Reached XP level 12. HP: 83/132 MP: 12/12
 17129 | Orc:1    | Shot with an arrow by Nessos

Vault maps used:
D:1:      sevenhm_arrival_forest_fort_small_4, minmay_surrounded
D:2:      okawaru_metal_pillars_1_2, grunt_ministairs_8
D:4:      minmay_temple_entry_trees, corexii_leaking_fountain,
          minmay_misc_feat_x, uniq_natasha, uniq_grinder, uniq_eustachio
D:5:      lemuel_crystal_altar, first_ration, minivault_23
D:6:      serial_shops, shop, minmay_item_behind_shaft, st_stairs_13
D:7:      serial_shops, shop_statue
D:8:      due_lair_maze_entry_diamond, serial_shops,
          nicolae_shop_temple_entry_statues_fountains, grunt_pizzeria
D:9:      minitemple, serial_shops, nicolae_shop_statue_plus
D:10:     serial_shops, shop, xom_redecorated
D:11:     orc_0_dummy, serial_bayou_pond_d
Orc:1:    basic_altar, uniq_urug, uniq_snorg, uniq_nergalle
Orc:2:    grunt_orc_cross, basic_altar, uniq_nessos

Skill      XL: |  1  2  3  4  5  6  7  8  9 10 11 |
---------------+----------------------------------+-----
Maces & Flails | 3 4 5 6 7 9 |  9.0
Dodging        | 3 4 5 6 7 |  7.7
Fighting       | 5 6 8 9 11 12 | 12.1
Stealth        | 1 2 3 |  3.7
Long Blades    | 1 5 8 |  8.9
Armour         | 1 3 |  3.4

Action                   |  1- 3 |  4- 6 |  7- 9 | 10-12 || total
-------------------------+-------+-------+-------+-------++-------
Melee: Mace              |   112 |   130 |   399 |       ||   641
       Long sword        |       |       |    34 |   489 ||   523
Invok: Trog's Hand       |       |     4 |     3 |     9 ||    16
       Berserk           |       |     2 |    10 |    12 ||    24
  Use: Scroll            |       |     7 |       |     6 ||    13
       Potion            |       |     1 |       |     4 ||     5
 Stab: Sleeping          |       |     1 |     5 |     5 ||    11
  Eat: Chunk             |       |     8 |    20 |    28 ||    56
       Ration            |       |       |     5 |     2 ||     7
Armor: Animal skin       |    36 |    38 |    85 |    48 ||   207
       Troll leather arm |       |       |       |    99 ||    99
Dodge: Dodged            |    87 |    92 |   263 |   269 ||   711
       Rpst.: Long sword |       |       |     7 |    85 ||    92

Table legend:
 A = Spawn XP
 B = Non-spawn XP
 C = Spawn XP percentage of total XP
 D = Spawn monster count
 E = Non-spawn monster count
 F = Spawn count percentage of total count
 G = Total turns spent on level
                    A         B        C        D         E        F      G
               +---------+---------+-------+---------+---------+-------+---------
         Total |       0 |   19023 |   0.0 |       0 |     285 |   0.0 | 17129
               +---------+---------+-------+---------+---------+-------+---------
           D:1 |       0 |      42 |   0.0 |       0 |      26 |   0.0 |   656
           D:2 |       0 |      62 |   0.0 |       0 |      22 |   0.0 |  1077
           D:3 |       0 |     445 |   0.0 |       0 |      30 |   0.0 |  1331
           D:4 |       0 |    1125 |   0.0 |       0 |      19 |   0.0 |  1957
           D:5 |       0 |     757 |   0.0 |       0 |      19 |   0.0 |  1602
           D:6 |       0 |     619 |   0.0 |       0 |      16 |   0.0 |  1768
           D:7 |       0 |     845 |   0.0 |       0 |      18 |   0.0 |  1800
           D:8 |       0 |    2119 |   0.0 |       0 |      28 |   0.0 |  1391
           D:9 |       0 |    2492 |   0.0 |       0 |      24 |   0.0 |  1230
          D:10 |       0 |    1727 |   0.0 |       0 |      25 |   0.0 |   902
          D:11 |       0 |    1979 |   0.0 |       0 |      18 |   0.0 |   775
         Orc:1 |       0 |     781 |   0.0 |       0 |       6 |   0.0 |  1129
         Orc:2 |       0 |    6030 |   0.0 |       0 |      34 |   0.0 |  1511
               +---------+---------+-------+---------+---------+-------+---------
